 Dungeon Crawl Stone Soup version 0.28-a0-461-g2dc4ca5097 (webtiles) character file.

Game seed: 7864051478645741081

163495 spiderkeys the Unseen (level 17, -10/125 HPs)
             Began as an Octopode Abyssal Knight on Sept 14, 2021.
             Was the Champion of Lugonu.
             Mangled by a caustic shrike simulacrum (19 damage)
             ... in an ice cave.
             The game lasted 01:42:06 (38717 turns).

spiderkeys the Unseen (Octopode Abyssal Knight)    Turns: 38717, Time: 01:42:07

Health: -10/125    AC:  7    Str: 19    XL:     17   Next: 83%
Magic:  27/27      EV: 28    Int: 21    God:    Lugonu [******]
Gold:   2876       SH:  9    Dex: 22    Spells: 14/20 levels left

rFire   . . .      SeeInvis .   N - +6 quick blade (distort) {rare}
rCold   + + +      Faith    .   J - +3 warlock's mirror {reflect}
rNeg    . . .      Spirit   .   j - +2 hat
rPois   +          Reflect  +   A - amulet of the acrobat
rElec   .          Harm     .   E - +4 ring of evasion
rCorr   .          Rampage  .   S - +6 ring of strength
Will    +....                   w - ring "Quucaphi" {Fly rPois rC+}
Stlth   ++++++++..              O - +4 ring of protection
HPRegen 0.30/turn               C - ring of protection from cold
MPRegen 0.20/turn               I - +6 ring of intelligence
                                D - +6 ring of dexterity
                                c - ring of protection from cold

@: about to teleport, flying
A: almost no armour, amphibious, 8 rings, camouflage 1, gelatinous body 1,
(nimble swimmer 1), tentacles
a: Renounce Religion, Depart the Abyss, Bend Space, Banish, Corrupt, Enter the
Abyss


You were in an ice cave.
You worshipped Lugonu.
Lugonu was exalted by your worship.
You visited 4 branches of the dungeon, and saw 27 of its levels.
You visited the Abyss 1 time.
You also visited: Ice Cave and Volcano.

You collected 4031 gold pieces.
You spent 1155 gold pieces at shops.


Innate Abilities, Weirdness & Mutations

You cannot wear most types of armour.
You are amphibious.
You can wear up to eight rings at the same time.
Your skin changes colour to match your surroundings (Stealth+).
Your rubbery body absorbs attacks. (AC +1, EV +1)
((You are camouflaged near water. (Stealth+)))
You have tentacles for arms and can constrict up to eight enemies at once.


   Skills:
 + Level 14.3 Fighting
 - Level 10.0 Short Blades
 - Level 2.3 Polearms
 + Level 10.7 Throwing
 + Level 14.2 Dodging
 - Level 16.0 Stealth
 - Level 4.0 Shields
 - Level 2.0 Spellcasting
 + Level 4.5 Conjurations
 + Level 5.7 Hexes
 - Level 6.0 Poison Magic
 - Level 14.0 Invocations


You had 14 spell levels left.
You knew the following spells:

 Your Spells              Type           Power      Damage    Failure   Level
d - Dazzling Flash        Conj/Hex       46%        N/A       5%          3
m - Mephitic Cloud        Conj/Pois/Air  16%        N/A       11%         3

Your spell library contained the following spells:

 Spells                   Type           Power      Damage    Failure   Level
 Sting                    Tmut/Pois      56%        1d5       4%          1
 Shock                    Conj/Air       44%        1d5       6%          1
 Poisonous Vapours        Pois/Air       28%        N/A       6%          2
 Static Discharge         Conj/Air       11%        N/A       9%          2
 Olgreb's Toxic Radiance  Pois           27%        N/A       12%         4
 Spider Form              Tmut/Pois      7%         N/A       13%         3
 Animate Skeleton         Necr           4%         N/A       14%         1
 Apportation              Tloc           4%         N/A       14%         1
 Beastly Appendage        Tmut           4%         N/A       14%         1
 Pain                     Necr           8%         1d4       14%         1
 Summon Small Mammal      Summ           8%         N/A       14%         1
 Summon Guardian Golem    Hex/Summ       14%        N/A       14%         3
 Ignite Poison            Fire/Tmut/Pois 10%        N/A       19%         3
 Wereblood                Tmut           2%         N/A       22%         2
 Call Canine Familiar     Summ           2%         N/A       41%         3
 Ozocubu's Armour         Ice            2%         N/A       41%         3
 Swiftness                Air            2%         N/A       41%         3
 Leda's Liquefaction      Hex/Erth       7%         N/A       41%         4
 Iskenderun's Battlesphe  Conj           21%        2d7       54%         5
 Alistair's Intoxication  Tmut/Pois      9%         N/A       75%         5
 Silence                  Hex/Air        7%         N/A       77%         5
 Summon Mana Viper        Hex/Summ       14%        N/A       77%         5
 Freezing Cloud           Conj/Ice/Air   4%         6-21      91%         5
 Agony                    Necr           2%         N/A       99%         5
 Blade Hands              Tmut           1%         N/A       99%         5
 Excruciating Wounds      Necr           1%         N/A       99%         5
 Summon Forest            Summ/Tloc      1%         N/A       99%         5
 Iron Shot                Conj/Erth      5%         9d2       100%        6
 Summon Cactus Giant      Summ           1%         N/A       100%        6
 Malign Gateway           Summ/Tloc      1%         N/A       100%        7
 Ozocubu's Refrigeration  Ice            1%         4d5       100%        7
 Spellforged Servitor     Conj/Summ      5%         N/A       100%        7
 Summon Horrible Things   Summ           1%         N/A       100%        8
 Animate Armour           Summ/Erth      Unusable   N/A       N/A         4

Inventory:

Hand Weapons
 i - the +7 Spriggan's Knife {stab, EV+4 Stlth+}
   (You bought it in a shop on level 2 of the Dungeon)

   It is more effective when stabbing unaware enemies, treating them as though
   they were completely helpless.
   EV:        It affects your evasion (+4).
   Stlth:     It makes you more stealthy.
 N - a +6 quick blade of distortion (weapon) {rare}
   (You found it in a volcano)
Missiles
 s - 159 poisoned darts
 y - 13 curare-tipped darts {=f}
 K - 5 throwing nets {=f!f}
 Q - 16 silver javelins
 U - 10 javelins
Armour
 j - a +2 hat (worn)
   (You found it on level 2 of the Dungeon)
 J - the +3 warlock's mirror (worn) {reflect}
   (You found it on level 5 of the Dungeon)

   It can block and reflect piercing ranged attacks and magical attacks against
   the wielder's willpower.
Jewellery
 c - a ring of protection from cold (on tentacle)
   (You took it off an orc wizard on level 7 of the Dungeon)
 g - an amulet of regeneration
   (You found it on level 7 of the Dungeon)
 v - a ring of see invisible
   (You found it on level 6 of the Dungeon)
 w - the ring "Quucaphi" (on tentacle) {Fly rPois rC+}
   (You found it on level 5 of the Lair of Beasts)

   [ring of protection from cold]

   rC:        It protects you from cold.
   rPois:     It protects you from poison.
   Fly:       It grants you flight.
 z - a ring of wizardry
   (You found it on level 13 of the Dungeon)
 A - an amulet of the acrobat (around mantle)
   (You found it on level 7 of the Dungeon)
 C - a ring of protection from cold (on tentacle)
   (You found it on level 5 of the Lair of Beasts)
 D - a +6 ring of dexterity (on tentacle)
   (You found it on level 2 of the Lair of Beasts)
 E - a +4 ring of evasion (left tentacle)
   (You found it on level 1 of the Dungeon)
 F - a ring of fire
   (You found it on level 7 of the Dungeon)
 H - a ring of wizardry
   (You found it on level 6 of the Lair of Beasts)
 I - a +6 ring of intelligence (on tentacle)
   (You found it on level 7 of the Dungeon)
 L - a ring of willpower
   (You took it off a merfolk on level 1 of the Shoals)
 O - a +4 ring of protection (on tentacle)
   (You found it on level 5 of the Dungeon)
 R - a ring of resist corrosion
   (You found it on level 5 of the Dungeon)
 S - a +6 ring of strength (right tentacle)
   (You found it on level 1 of the Lair of Beasts)
 Z - a ring of wizardry
   (You found it on level 7 of the Dungeon)
Wands
 b - a wand of digging (8)
   (You took it off Ijyb on level 3 of the Dungeon)
 k - a wand of iceblast (7)
   (You found it on level 9 of the Dungeon)
 q - a wand of polymorph (19)
   (You found it on level 2 of the Abyss)
 x - a wand of charming (15)
   (You found it on level 10 of the Dungeon)
 V - a wand of paralysis (18)
   (You found it on level 1 of the Lair of Beasts)
 X - a wand of acid (4)
   (You found it on level 13 of the Dungeon)
Scrolls
 f - a scroll of holy word
 m - 8 scrolls of magic mapping {!r}
 p - 4 scrolls of immolation {!r!r}
 u - 5 scrolls of fog
 B - 4 scrolls of amnesia
 G - 4 scrolls of identify {@r1}
 Y - 6 scrolls of teleportation {@r4}
Potions
 a - 11 potions of curing {@q1}
 d - 5 potions of resistance
 h - 4 potions of might
 l - 6 potions of haste {@q3}
 n - 4 potions of brilliance
 r - 7 potions of ambrosia
 t - 3 potions of invisibility
 M - 3 potions of cancellation
 P - a potion of lignification {!q}
 T - a potion of berserk rage {!q}
 W - a potion of flight
Miscellaneous
 o - a condenser vane
   (You found it on level 5 of the Lair of Beasts)

Dungeon Overview and Level Annotations

Branches:
Dungeon (15/15)            Temple (0/1) D:7            Lair (6/6) D:8
 Shoals (4/4) Lair:4       Spider (0/4) Lair:2        Slime (0/5) Lair:5
    Orc (2/2) D:12            Elf (0/3) Orc:2        Vaults (0/5) D:14
 Depths (0/5) D:15          IceCv (1/1)             Volcano (visited)

Altars:
Dithmenos
Elyvilon
Fedhas
Ru
Uskayaw
Zin
The Shining One
Beogh

Shops:
D:2 (   D:5 !   D:11 [   Orc:2 *([!

Portals:
Trove: D:12 (show slimy rune of Zot)

Annotations:
Abyss:1 Rupert; Tiah's ghost, journeyman TrMo; siradein's ghost, journeyman DrCj

...W..ZW# #...##
##......... ...pW.ZZ.
##...### ####......
..ZWZWZ.## ###...###
##..... #8.Z.8.W.##
###...### ##.... #..Z.#####
##....### ##.#. ###.Z.##.##
###....## #### #..§Z##Z..##
###...## ##
#.Z###..#..########..# ##.
##.ZZ§.###@Z...###..##.##○.
##...## ##........###..°○.
########8........##☼☼..#.
#[..........##°☼§###
#................ ##
####.......#.#... #.
###...####...###. ##..#
######.. ###.. #...


You could see an alligator simulacrum and a caustic shrike simulacrum.


Message History

You take 10 damage, and now have 83/125 hp.
You closely miss the freezing wraith.
You squeeze the freezing wraith, but do no damage.
You hit the freezing wraith. You squeeze the freezing wraith!
The freezing wraith blinks!
You closely miss the caustic shrike simulacrum.
Your grab misses the caustic shrike simulacrum.
The alligator simulacrum bites you but does no damage.
The alligator simulacrum barely misses you.
You puncture the alligator simulacrum!
Your squeeze misses the alligator simulacrum.
The alligator simulacrum blinks!
The caustic shrike simulacrum closely misses you.
You hit the caustic shrike simulacrum. You grab the caustic shrike simulacrum.
You squeeze the caustic shrike simulacrum, but do no damage.
The caustic shrike simulacrum struggles to blink free from constriction.
You constrict the caustic shrike simulacrum, but do no damage.
You barely miss the alligator simulacrum.
You squeeze the alligator simulacrum!
You constrict the caustic shrike simulacrum.
The caustic shrike simulacrum claws you!
The caustic shrike simulacrum freezes you!
You resist.
* * * LOW HITPOINT WARNING * * *
😨 HP[-24]
You take 24 damage, and now have 59/125 hp.
You hit the alligator simulacrum.
The alligator simulacrum blinks!
You constrict the caustic shrike simulacrum.
You puncture the caustic shrike simulacrum!
You squeeze the caustic shrike simulacrum.
The caustic shrike simulacrum blinks free!
The caustic shrike simulacrum completely misses you.
You puncture the freezing wraith! You squeeze the freezing wraith.
The caustic shrike simulacrum completely misses you. 😨 HP[+1]
You hit the freezing wraith but do no damage.
Space warps horribly around the freezing wraith!
You squeeze the freezing wraith, but do no damage.
You closely miss the freezing wraith.
The caustic shrike simulacrum claws you.
* * * LOW HITPOINT WARNING * * *
The caustic shrike simulacrum freezes you.
You resist.
* * * LOW HITPOINT WARNING * * *
The freezing wraith completely misses you.
The freezing wraith barely misses you. 😨 HP[-10]
You take 10 damage, and now have 50/125 hp.
You hit the freezing wraith but do no damage.
Space warps horribly around the freezing wraith.
You destroy the freezing wraith!
Lugonu accepts your kill.
You barely miss the caustic shrike simulacrum.
You grab the caustic shrike simulacrum.
You constrict the caustic shrike simulacrum.
The caustic shrike simulacrum barely misses you.
You release your grip on the caustic shrike simulacrum.
You block the caustic shrike simulacrum's attack.
The caustic shrike simulacrum claws you!!
* * * LOW HITPOINT WARNING * * *
The caustic shrike simulacrum freezes you!
You resist.
* * * LOW HITPOINT WARNING * * *
😱 HP[-28]
You take 28 damage, and now have 22/125 hp.
MASSIVE DAMAGE!! (PAUSE)
Okay, then.
Really read
e - a scroll of blinking {!r}?
Blink to where?
Press: ? - help, Dir - move target
As you read the scroll of blinking {!r}, it crumbles to dust. 😱 HP[+1]
Okay, then.
Okay, then.
Okay, then.
Aiming: Corrosive Bolt
Press: ? - help, Shift-Dir - straight line, f - caustic shrike simulacrum
Aim: a caustic shrike simulacrum (moderately damaged, 60% to hit)
Okay, then.
As you read the scroll of teleportation {@r4}, it crumbles to dust.
You feel strangely unstable.
The caustic shrike simulacrum completely misses you.
You hit the caustic shrike simulacrum.
Your grab misses the caustic shrike simulacrum.
You squeeze the caustic shrike simulacrum.
The caustic shrike simulacrum blinks! 😱 HP[+1]
The caustic shrike simulacrum claws you.
* * * LOW HITPOINT WARNING * * *
The caustic shrike simulacrum freezes you!
You resist.
* * * LOW HITPOINT WARNING * * *
😱 HP[-15]
You take 15 damage, and now have 9/125 hp.
You hit the caustic shrike simulacrum but do no damage.
Space bends around the caustic shrike simulacrum.
Your grab misses the caustic shrike simulacrum.
You squeeze the caustic shrike simulacrum, but do no damage.
The caustic shrike simulacrum claws you!!
You die...

Skill      XL: |  1  2  3  4  5  6  7  8  9 10 11 12 13 14 15 16 17 |
---------------+----------------------------------------------------+-----
Stealth        | 1 2 3 4 5 6 8 10 12 13 15 16 | 16.0
Dodging        | 3 4 5 6 8 9 10 11 12 13 14 | 14.2
Short Blades   | 1 2 3 4 5 7 8 9 10 | 10.0
Invocations    | 3 4 5 6 8 9 10 11 12 13 14 | 14.0
Fighting       | 4 5 6 8 9 10 11 12 13 14 | 14.3
Shields        | 2 4 |  4.0
Throwing       | 1 4 6 8 9 10 | 10.7
Spellcasting   | 2 |  2.0
Poison Magic   | 1 6 |  6.0
Hexes          | 3 5 |  5.7
Conjurations   | 4 |  4.5
Polearms       | |  2.3

Action                   |  1- 3 |  4- 6 |  7- 9 | 10-12 | 13-15 | 16-18 || total
-------------------------+-------+-------+-------+-------+-------+-------++-------
Melee: Spear             |    88 |       |       |       |       |       ||    88
       Constrict         |    16 |    24 |    43 |    75 |    88 |   182 ||   428
       Tentacles         |    10 |    18 |    59 |   171 |   338 |   345 ||   941
       Dagger            |       |   100 |   291 |    62 |       |       ||   453
       Knife             |       |       |       |   529 |   596 |    37 ||  1162
       Quick blade       |       |       |       |       |   340 |   941 ||  1281
Throw: Boomerang         |       |       |     4 |     5 |       |       ||     9
       Stone             |       |       |     2 |       |       |       ||     2
       Dart              |       |       |       |    55 |    35 |       ||    90
       Throwing net      |       |       |       |     1 |       |       ||     1
       Javelin           |       |       |       |     5 |       |    17 ||    22
Invok: Depart the Abyss  |     1 |       |       |       |       |       ||     1
       Banish            |       |       |       |     6 |    12 |     5 ||    23
       Bend Space        |       |       |       |    13 |     7 |     3 ||    23
       Brand Weapon With |       |       |       |       |     1 |       ||     1
Evoke: Wand              |       |     4 |    20 |    24 |    11 |       ||    59
  Use: Scroll            |     1 |     2 |     5 |    13 |    11 |    12 ||    44
       Potion            |       |       |       |     2 |     4 |     1 ||     7
 Stab: Sleeping          |    11 |     9 |    11 |    27 |    70 |    41 ||   169
       Distracted        |       |       |       |       |     3 |    10 ||    13
Armor: Skin              |     5 |    12 |    39 |    32 |    25 |    29 ||   142
Dodge: Dodged            |    52 |    75 |   154 |   361 |   391 |   488 ||  1521
Block: Buckler           |       |       |    48 |   207 |   176 |   212 ||   643
       Reflection        |       |       |     1 |     7 |    24 |    35 ||    67

Levels and vault maps discovered:
D:1:      evilmike_arrival_home_sweet_home, layout_basic,
          hellmonk_ecumenical_altar_dog_temple, serial_bayou_lake_a
D:2:      layout_loops_ring, serial_shops, nicolae_shop_crystal,
          kennysheep_generic_room_12
D:3:      kennysheep_goblin_castle, layout_loops_ring,
          mainiacjoe_overflow_two_lobes
D:4:      layout_loops_cross, minmay_ruptured
D:5:      minmay_general_purpose_star, layout_basic, serial_shops,
          kennysheep_mini_moat, uniq_ijyb
D:6:      layout_layer_cave
D:7:      minmay_the_grid_octo_tiled_octocenter [minmay_the_grid_octo_shrine,
          minmay_the_grid_octo_checkerflower, minmay_the_grid_octo_concentric,
          minmay_the_grid_octo_tetromino_candy, minmay_the_grid_octo_prize_star,
          minmay_the_grid_square_5x5_spiral, minmay_the_grid_square_5x5_six,
          minmay_the_grid_square_5x5_bite, minmay_the_grid_square_5x5_bridge],
          layout_rooms, gammafunk_temple_overflow_elements, uniq_menkaure,
          uniq_prince_ribbit1, uniq_crazy_yiuf_cottage
D:8:      layout_gridville, grunt_lair_entry_orc_guard_hut, grunt_decor_clamped
D:9:      layout_cave_pools
D:10:     layout_long_grid, chequers_serial_rivers_micro_c
D:11:     layout_rooms, serial_shops, shop_statue
D:12:     cheibrodos_statue_roulette, layout_loops_ring, orc_0_dummy,
          enter_trove_2, uniq_jorgrun
D:13:     mludivico_vault, layout_irregular_city
D:14:     lemuel_troll_bridge, layout_loops_ring, david_vaults_3,
          roderic_serpentine_path, uniq_nessos, uniq_rupert
D:15:     hangedman_depths_entry_civil_slaughter, layout_basic,
          serial_bayou_lagoon_a
Lair:1:   layout_roguey, serial_bayou_shore_a
Lair:2:   layout_cave_shapes, nicolae_spider_entry_orb_guardian, special_room
          [special_room_bee]
Lair:3:   layout_cave_pods, grunt_megastairs_4
Lair:4:   layout_gridlike, elwin_shoals_entry_rocks,
          nicolae_volcano_entry_vermiform, serial_bayou_shore_b
Lair:5:   statuecave_lemuel, layout_gridlike, minmay_slime_entry_oklob_open,
          ebering_ghost_disaster_area, minmay_lindwurm_lava, uniq_josephine
Lair:6:   gammafunk_lair_ancient_temple, layout_layer_cave,
          gammafunk_ghost_hydra_chop, lemuel_fruit_tree
Shoals:1: layout_shoals
Shoals:2: layout_shoals
Shoals:3: layout_shoals
Shoals:4: shoals_end_grunt_garden, layout_shoals, portal_ice_cave_entry_dragon
Orc:1:    layout_caves
Orc:2:    st_orc_pillars, layout_caves, basic_altar
IceCv:    ice_cave_small_necro

Notes
Turn   | Place    | Note
-------+----------+-------------------------------------------
     0 | Abyss:1  | spiderkeys the Octopode Abyssal Knight began the quest for
                  | the Orb.
     0 | Abyss:1  | Reached XP level 1. HP: 16/16 MP: 2/2
     0 | Abyss:1  | magus.rc [v1.9.10]
    41 | Abyss:2  | Noticed a small abomination
    65 | Abyss:2  | Noticed a tentacled starspawn
    84 | Abyss:2  | Noticed a small abomination
    93 | Abyss:2  | Noticed a small abomination
   127 | Abyss:2  | Noticed a large abomination
   139 | Abyss:2  | Noticed a small abomination
   141 | Abyss:2  | Noticed a large abomination
   148 | Abyss:2  | Noticed a large abomination
   157 | Abyss:2  | Noticed a large abomination
   158 | Abyss:2  | Noticed a neqoxec
   159 | D:1      | You pass through the gate.
   159 | D:1      | Escaped the Abyss
   433 | D:1      | Reached XP level 2. HP: 15/21 MP: 3/3
   673 | D:1      | Found a faded altar of an unknown god.
   683 | D:1      | Reached skill level 1 in Stealth
   684 | D:1      | Reached * piety under Lugonu
  1119 | D:2      | Reached XP level 3. HP: 23/26 MP: 2/4
  1270 | D:2      | Found Tielatt's Weapon Shop.
  1728 | D:2      | You pick up a book of Power and begin reading...
  1728 | D:2      | You add the spells Iskenderun's Battlesphere, Iron Shot and
                  | Spellforged Servitor to your library.
  1809 | D:3      | Reached skill level 2 in Stealth
  1856 | D:3      | Found a shadowy altar of Dithmenos.
  1895 | D:3      | Reached XP level 4. HP: 31/31 MP: 5/5
  2016 | D:3      | You pick up a book of Changes and begin reading...
  2016 | D:3      | You add the spells Beastly Appendage, Wereblood and Spider
                  | Form to your library.
  2248 | D:3      | Reached skill level 3 in Dodging
  2265 | D:3      | Reached skill level 1 in Short Blades
  2269 | D:3      | Reached XP level 5. HP: 18/36 MP: 2/7
  2537 | D:3      | Noticed Ijyb
  2538 | D:3      | Reached ** piety under Lugonu
  2539 | D:3      | Killed Ijyb
  2540 | D:3      | Reached skill level 3 in Stealth
  2540 | D:3      | Reached skill level 3 in Invocations
  2822 | D:3      | Found a hide-covered altar of Uskayaw.
  2967 | D:4      | Reached XP level 6. HP: 43/43 MP: 8/8
  3015 | D:4      | Reached skill level 4 in Fighting
  3015 | D:4      | Reached skill level 2 in Short Blades
  3230 | D:3      | Reached skill level 4 in Stealth
  3543 | D:4      | Reached XP level 7. HP: 48/48 MP: 9/9
  3853 | D:5      | Entered Level 5 of the Dungeon
  3879 | D:4      | Reached skill level 4 in Dodging
  3879 | D:4      | Reached skill level 4 in Invocations
  4028 | D:5      | Reached skill level 3 in Short Blades
  4028 | D:5      | Reached skill level 5 in Stealth
  4373 | D:5      | Reached *** piety under Lugonu
  4652 | D:5      | Reached XP level 8. HP: 47/54 MP: 8/11
  4666 | D:5      | Reached skill level 5 in Fighting
  4769 | D:5      | You pick up a book of Callings and begin reading...
  4769 | D:5      | You add the spells Summon Small Mammal, Call Canine
                  | Familiar and Summon Guardian Golem to your library.
  4920 | D:5      | Found the +3 warlock's mirror {reflect}
  5054 | D:5      | You pick up a book of Cantrips and begin reading...
  5054 | D:5      | You add the spells Animate Skeleton and Apportation to your
                  | library.
  5103 | D:5      | Reached skill level 6 in Stealth
  5115 | D:5      | Found Useo's Distillery.
  5118 | D:5      | Bought a potion of heal wounds for 55 gold pieces
  5118 | D:5      | Bought a potion of curing for 33 gold pieces
  5311 | D:6      | Reached skill level 1 in Shields
  5311 | D:6      | Reached skill level 5 in Invocations
  5471 | D:6      | Reached skill level 5 in Dodging
  5585 | D:6      | Reached skill level 4 in Short Blades
  5618 | D:6      | You add the spells Sting, Poisonous Vapours and Olgreb's
                  | Toxic Radiance to your library.
  6108 | D:7      | Noticed Prince Ribbit
  6123 | D:6      | Reached skill level 2 in Shields
  6228 | D:7      | Noticed Menkaure
  6243 | D:7      | Killed Menkaure
  6244 | D:7      | Reached XP level 9. HP: 22/62 MP: 4/13
  6285 | D:7      | Reached skill level 6 in Fighting
  6426 | D:7      | Reached skill level 6 in Invocations
  6613 | D:7      | Found a staircase to the Ecumenical Temple.
  6668 | D:7      | Reached skill level 3 in Shields
  6675 | D:7      | Reached **** piety under Lugonu
  6708 | D:7      | Found a sacrificial altar of Ru.
  6708 | D:7      | Found a glowing golden altar of the Shining One.
  6801 | D:7      | Reached skill level 5 in Short Blades
  6848 | D:7      | Found a glowing silver altar of Zin.
  6849 | D:7      | Found a shadowy altar of Dithmenos.
  6850 | D:7      | Found a white marble altar of Elyvilon.
  6850 | D:7      | Found a blossoming altar of Fedhas.
  6865 | D:7      | Reached skill level 6 in Dodging
  7034 | D:7      | Killed Prince Ribbit
  7035 | D:7      | Reached skill level 4 in Shields
  7051 | D:7      | Reached XP level 10. HP: 45/69 MP: 9/15
  7095 | D:7      | Noticed an eight-headed hydra
  7197 | D:7      | Reached skill level 7 in Fighting
  7197 | D:7      | Reached skill level 7 in Invocations
  7221 | D:7      | Found a runed translucent door.
  7222 | D:7      | Noticed Crazy Yiuf
  7326 | D:7      | Killed an eight-headed hydra
  7327 | D:7      | Reached skill level 6 in Short Blades
  7327 | D:7      | Reached skill level 7 in Dodging
  7558 | D:7      | Noticed a two-headed ogre
  7572 | D:7      | Banished a two-headed ogre
  7758 | D:7      | Noticed a cyclops
  7782 | D:7      | Reached skill level 8 in Invocations
  7873 | D:7      | Banished a cyclops
  7874 | D:7      | Reached skill level 8 in Fighting
  7874 | D:7      | Reached skill level 7 in Short Blades
  7963 | D:7      | You add the spells Malign Gateway and Summon Horrible
                  | Things to your library.
  8071 | D:7      | Killed Crazy Yiuf
  8073 | D:7      | Identified a scroll of acquirement
  8074 | D:7      | Acquired 955 gold pieces
  8191 | D:2      | Bought the +7 Spriggan's Knife {stab, EV+4 Stlth+} for 890
                  | gold pieces
  8191 | D:2      | Found the +7 Spriggan's Knife {stab, EV+4 Stlth+}
  8705 | D:8      | Reached skill level 8 in Dodging
  8707 | D:8      | Reached XP level 11. HP: 58/77 MP: 12/17
  9203 | D:8      | Found a staircase to the Lair.
  9346 | D:8      | Reached skill level 7 in Stealth
  9587 | D:9      | Identified the +7 mace of Xesm {vamp, rF+ Str+3}
 10137 | D:10     | Entered Level 10 of the Dungeon
 10182 | D:10     | Noticed a two-headed ogre
 10195 | D:10     | Killed a two-headed ogre
 10272 | D:10     | Reached skill level 9 in Invocations
 10949 | D:11     | Noticed a manticore
 11023 | Lair:1   | Entered Level 1 of the Lair of Beasts
 11082 | Lair:1   | You pick up a book of Changes and begin reading...
 11231 | Lair:1   | Reached skill level 8 in Short Blades
 11231 | Lair:1   | Reached skill level 8 in Stealth
 12374 | Lair:1   | Reached skill level 9 in Fighting
 13112 | Lair:2   | HP: 18/80 [cane toad (5)]
 13113 | Lair:2   | HP: 8/80 [cane toad (11)]
 13115 | Lair:2   | Reached skill level 9 in Dodging
 13139 | Lair:2   | HP: 11/80 [cane toad (12)]
 13470 | Lair:2   | You pick up a book of the Wilderness and begin reading...
 13470 | Lair:2   | You add the spells Summon Forest, Summon Mana Viper and
                  | Summon Cactus Giant to your library.
 13483 | Lair:2   | Reached skill level 1 in Throwing
 13523 | Lair:2   | Reached XP level 12. HP: 85/85 MP: 19/19
 13527 | Lair:2   | Reached skill level 9 in Stealth
 13553 | Lair:2   | Reached skill level 2 in Throwing
 13556 | Lair:2   | Reached ***** piety under Lugonu
 13579 | Lair:2   | HP: 21/86 [killer bee (4)]
 13584 | Lair:2   | HP: 15/86 [poisoned by a killer bee]
 13595 | Lair:2   | Reached skill level 10 in Invocations
 13888 | Lair:2   | Found a hole to the Spider Nest.
 14376 | Lair:3   | Noticed a five-headed hydra
 14379 | Lair:3   | Banished a five-headed hydra
 14380 | Lair:3   | Reached skill level 9 in Short Blades
 14460 | Lair:3   | Reached skill level 3 in Throwing
 14742 | Lair:3   | Identified the +6 mace of Youthful Indiscretion {elec,
                  | rCorr}
 14876 | Lair:3   | Reached skill level 10 in Stealth
 14877 | Lair:3   | You pick up a book of Callings and begin reading...
 15305 | Lair:3   | Noticed a death yak
 15307 | Lair:3   | Noticed a death yak
 15347 | Lair:2   | Killed a death yak
 15449 | Lair:2   | Killed a death yak
 15450 | Lair:2   | Reached skill level 10 in Fighting
 15804 | Lair:3   | Reached skill level 4 in Throwing
 16360 | Lair:4   | Noticed a catoblepas
 16471 | Lair:4   | You add the spells Ozocubu's Armour and Ozocubu's
                  | Refrigeration to your library.
 16502 | Lair:4   | Reached skill level 10 in Dodging
 16517 | Lair:4   | Reached XP level 13. HP: 79/92 MP: 20/20
 16740 | Lair:4   | Found a dark tunnel.
 16749 | Volcano  | Entered a volcano
 17227 | Volcano  | Reached skill level 11 in Stealth
 17301 | Volcano  | Noticed a red draconian
 17306 | Volcano  | Banished a red draconian
 17645 | Volcano  | Noticed an orb of fire
 17679 | Volcano  | Noticed an orb of fire
 17776 | Volcano  | Reached skill level 5 in Throwing
 17776 | Volcano  | Reached skill level 11 in Invocations
 17883 | Volcano  | N - a +2 quick blade of flaming {rare}
 17982 | Lair:4   | Reached skill level 10 in Short Blades
 18211 | Lair:4   | your +2 quick blade of flaming {rare} craves living souls!
 18211 | Lair:4   | N - a +2 quick blade of draining {rare}
 18212 | Lair:4   | your +2 quick blade of draining {rare} is engulfed in
                  | flames!
 18212 | Lair:4   | N - a +2 quick blade of flaming {rare}
 18213 | Lair:4   | your +2 quick blade of flaming {rare} glows red for a
                  | moment.
 18629 | Lair:4   | Found a staircase to the Shoals.
 18890 | Lair:5   | Found a staircase to the Slime Pits.
 18892 | Lair:5   | Found the +5 sword of Power {vorpal}
 19162 | Lair:5   | Found a large runed translucent door.
 19481 | Lair:5   | You pick up a book of the Senses and begin reading...
 19481 | Lair:5   | You add the spells Dazzling Flash, Agony and Silence to
                  | your library.
 19482 | Lair:5   | Identified the +5 whip "Tyoddaog" {freeze, rC+ Will+ Int-2
                  | Dex+3}
 19490 | Lair:5   | Identified the +1 scale mail "Omyng" {rElec Dex+2}
 19540 | Lair:5   | Found a large runed translucent door.
 19555 | Lair:5   | Noticed Josephine
 19715 | Lair:5   | Noticed siradein's ghost (journeyman DrCj)
 20037 | Lair:5   | Reached skill level 6 in Throwing
 20062 | Lair:5   | Reached skill level 12 in Stealth
 20066 | Lair:5   | Reached skill level 11 in Fighting
 20068 | Lair:5   | Identified the ring "Quucaphi" {Fly rPois rC+}
 20073 | Lair:5   | You add the spells Shock, Static Discharge and Swiftness to
                  | your library.
 20073 | Lair:5   | Got the Tome of Illusion and Lightness
 20168 | Lair:6   | Entered Level 6 of the Lair of Beasts
 20282 | Lair:6   | Reached XP level 14. HP: 86/101 MP: 22/22
 20414 | Lair:6   | Found a runed translucent gate.
 20415 | Lair:6   | Found a runed translucent gate.
 20416 | Lair:6   | Found a runed translucent gate.
 20454 | Lair:6   | Reached skill level 11 in Dodging
 20461 | Lair:6   | Noticed Tiah's ghost (journeyman TrMo)
 21635 | Lair:6   | Reached skill level 12 in Invocations
 21755 | Lair:6   | Reached skill level 7 in Throwing
 22164 | Lair:5   | Killed Josephine
 22438 | D:11     | Reached skill level 13 in Stealth
 22523 | D:11     | You pick up a book of Callings and begin reading...
 22660 | D:11     | Found Hanon's Armour Shop.
 23041 | D:12     | Noticed Jorgrun
 23129 | D:12     | Killed Jorgrun
 23145 | D:12     | Reached ****** piety under Lugonu
 23148 | D:12     | Do you wish to have your +3 quick blade of flaming {rare}
                  | corrupted with distortion?
 23148 | D:12     | Identified a +5 quick blade of distortion {rare} (a +3
                  | quick blade of flaming {rare} corrupted by Lugonu)
 23148 | D:12     | Your quick blade {rare} shines brightly!
 23148 | D:12     | Received a gift from Lugonu
 23233 | D:12     | Found a staircase to the Orcish Mines.
 23234 | D:12     | N - a +5 quick blade of distortion (weapon) {rare}
 23457 | D:12     | You pick up a book of Cantrips and begin reading...
 23470 | D:12     | Found a portal to a secret trove of treasure.
 23478 | D:12     | This trove requires the presence of the slimy rune of Zot
                  | to function. Show it the item?
 24070 | D:13     | N - a +5 quick blade of distortion (weapon) {rare}
 24298 | D:13     | HP: 25/102 [yaktaur/bolt (15)]
 24299 | D:13     | HP: 11/102 [yaktaur/bolt (14)]
 24304 | D:13     | Reached skill level 8 in Throwing
 24308 | D:13     | HP: 21/102 [yaktaur/bolt (11)]
 24630 | D:13     | Reached skill level 12 in Fighting
 24630 | D:13     | Reached XP level 15. HP: 108/108 MP: 24/24
 24806 | D:13     | You pick up a book of Iron and begin reading...
 24875 | D:13     | HP: 17/108 [hell knight (32)]
 24875 | D:13     | HP: 3/108 [hell knight (14)]
 25217 | D:13     | Found a runed translucent door.
 25233 | D:13     | Reached skill level 12 in Dodging
 25292 | D:13     | Reached skill level 14 in Stealth
 25438 | D:13     | N - a +5 quick blade of distortion (weapon) {rare}
 25817 | D:13     | Reached skill level 13 in Invocations
 25935 | D:13     | You pick up a book of Pain and begin reading...
 25935 | D:13     | You add the spells Pain and Excruciating Wounds to your
                  | library.
 26060 | D:14     | Noticed Rupert
 26060 | D:14     | Found a gate to the Vaults.
 26109 | D:14     | Banished Rupert
 26971 | D:14     | Noticed Nessos
 26990 | D:14     | Killed Nessos
 26991 | D:14     | Reached skill level 1 in Spellcasting
 27023 | D:14     | Reached skill level 15 in Stealth
 27398 | D:15     | Entered Level 15 of the Dungeon
 27742 | D:15     | Reached skill level 2 in Spellcasting
 27743 | D:15     | You add the spells Ignite Poison, Mephitic Cloud and
                  | Freezing Cloud to your library.
 27748 | D:15     | Learned a level 3 spell: Dazzling Flash
 27752 | D:15     | Learned a level 3 spell: Mephitic Cloud
 27888 | D:15     | HP: 18/109 [tengu warrior (25)]
 28251 | D:15     | Reached skill level 1 in Poison Magic
 28372 | D:15     | Reached XP level 16. HP: 116/116 MP: 26/26
 28400 | D:15     | Found a staircase to the Depths.
 28484 | D:15     | Reached skill level 13 in Fighting
 28516 | D:15     | Reached skill level 2 in Poison Magic
 28727 | D:15     | your +5 quick blade of distortion {rare} glows red for a
                  | moment.
 28977 | Orc:1    | Entered Level 1 of the Orcish Mines
 28986 | Orc:1    | N - a +6 quick blade of distortion (weapon) {rare}
 29999 | Orc:2    | Entered Level 2 of the Orcish Mines
 30023 | Orc:2    | Found a staircase to the Elven Halls.
 30126 | Orc:2    | Reached skill level 3 in Poison Magic
 30431 | Orc:2    | Reached skill level 13 in Dodging
 30592 | Orc:2    | HP: 27/117 [orc priest/divine providence (16)]
 31505 | Orc:2    | Reached skill level 9 in Throwing
 31593 | Orc:2    | Reached skill level 14 in Invocations
 31634 | Orc:2    | Reached skill level 4 in Poison Magic
 31983 | Orc:2    | Found Zoil's Assorted Antiques.
 31983 | Orc:2    | Found Naycu's Distillery.
 31984 | Orc:2    | Found Adwagae's Antique Weapon Boutique.
 31984 | Orc:2    | Found Deptunuz's Armour Shop.
 31991 | Orc:2    | Bought a scroll labelled XOYNIU HYUSCHOM for 26 gold pieces
 31991 | Orc:2    | Bought a bubbling grey potion for 23 gold pieces
 32000 | Orc:2    | Bought a potion of cancellation for 128 gold pieces
 32330 | Lair:5   | Banished siradein's ghost
 32455 | Lair:6   | Banished Tiah's ghost
 32474 | Lair:6   | Reached skill level 16 in Stealth
 32589 | Lair:6   | You add the spells Leda's Liquefaction and Alistair's
                  | Intoxication to your library.
 32589 | Lair:6   | Got the Incunabulum of Poisonous Beguiling
 32647 | Shoals:1 | Entered Level 1 of the Shoals
 32832 | Shoals:1 | Reached skill level 1 in Hexes
 33355 | Shoals:1 | Reached skill level 5 in Poison Magic
 33563 | Shoals:1 | Reached skill level 2 in Hexes
 34489 | Shoals:2 | Reached skill level 3 in Hexes
 34627 | Shoals:2 | Reached skill level 6 in Poison Magic
 34627 | Shoals:2 | Reached XP level 17. HP: 124/124 MP: 27/27
 34854 | Shoals:2 | Reached skill level 1 in Conjurations
 34854 | Shoals:2 | HP: 21/124 [merfolk (11)]
 34873 | Shoals:2 | HP: 5/124 [merfolk (20)]
 35921 | Shoals:2 | Reached skill level 10 in Throwing
 36055 | Shoals:3 | Reached skill level 2 in Conjurations
 36091 | Shoals:3 | Reached skill level 4 in Hexes
 36629 | Shoals:3 | Reached skill level 14 in Fighting
 36812 | Shoals:3 | Reached skill level 3 in Conjurations
 36842 | Shoals:3 | HP: 31/125 [sea snake (16)]
 37406 | Shoals:3 | Reached skill level 14 in Dodging
 37406 | Shoals:3 | Reached skill level 5 in Hexes
 38361 | Shoals:4 | Entered Level 4 of the Shoals
 38416 | Shoals:4 | Found a frozen archway.
 38423 | IceCv    | Entered an ice cave
 38443 | IceCv    | Reached skill level 4 in Conjurations
 38635 | IceCv    | Found an ancient bone altar of Kikubaaqudgha.
 38710 | IceCv    | HP: 22/125 [caustic shrike simulacrum (10)]
 38716 | IceCv    | HP: 19/125 [caustic shrike simulacrum (5)]
 38716 | IceCv    | HP: 9/125 [caustic shrike simulacrum (10)]
 38717 | IceCv    | Mangled by a caustic shrike simulacrum

Vanquished Creatures
  Jorgrun (D:12)
  A very ugly thing (IceCv)
  3 merfolk impalers
  An ettin (D:15)
  Josephine (Lair:5)
  A merfolk javelineer (Shoals:2)
  6 hydras
  2 caustic shrike simulacra (IceCv)
  A boulder beetle (D:13)
  An ice dragon (Shoals:4)
  4 merfolk avatars
  2 centaur warriors (D:14)
  2 alligator snapping turtles
  A catoblepas (Lair:4)
  A merfolk aquamancer (Shoals:3)
  5 two-headed ogres
  A tengu warrior (D:15)
  2 death yaks (Lair:2)
  4 orc high priests (Orc:2)
  3 hell knights (D:13)
  A skeletal warrior (D:14)
  6 sea snakes
  2 bog bodies (IceCv)
  2 wizards
  5 lindwurms
  16 harpies
  A deep elf zephyrmancer (D:14)
  9 orc knights
  An obsidian statue (Lair:5)
  2 necromancers (D:13)
  An oklob plant (Lair:5)
  3 deep elf pyromancers
  10 fauns (Shoals:1)
  12 ugly things
  An orb spider (Lair:2)
  12 manticores
  13 cyclopes
  A salamander (Volcano)
  2 elephants (Lair:6)
  4 black mambas
  8 merfolk sirens
  2 rust devils (D:13)
  4 water nymphs
  3 molten gargoyles (Volcano)
  10 cane toads
  5 torpor snails
  An orange demon (D:13)
  7 gargoyles
  2 unseen horrors
  2 entropy weaver simulacra (IceCv)
  12 freezing wraiths
  6 komodo dragons
  2 ice devils (IceCv)
  5 rime drakes
  4 yaktaurs (D:13)
  A tengu conjurer (D:15)
  13 trolls
  2 anaconda simulacra (IceCv)
  14 merfolk
  2 hornets
  8 wind drakes
  Prince Ribbit (D:7)
  3 polar bears
  18 blink frogs
  8 slime creatures
  19 dream sheep
  5 snapping turtles
  3 wyverns
  2 dire elephant simulacra (IceCv)
  7 water elementals
  23 yaks
  15 humans (D:14)
  8 wraiths
  4 fire bats (Lair:4)
  5 basilisks
  A golden eye (shapeshifter) (D:14)
  2 wargs
  A steam dragon (D:8)
  Menkaure (D:7)
  4 harpy simulacra (IceCv)
  2 vampire mosquitoes (D:15)
  14 water moccasins
  6 hell hounds (D:13)
  33 orc warriors
  An ice beast (D:4)
  3 sky beasts (D:7)
  An alligator simulacrum (IceCv)
  A necrophage (D:5)
  5 black bears
  8 ogres
  5 wolves (Lair:4)
  2 centaurs
  A phantom (D:7)
  4 kobold brigands
  10 bullfrogs
  A deep troll simulacrum (IceCv)
  A gnoll sergeant (D:12)
  5 scorpions
  A water moccasin skeleton (D:6)
  8 wights
  23 killer bees
  A lindwurm simulacrum (IceCv)
  10 electric eels
  2 centaur zombies (D:7)
  Crazy Yiuf (D:7)
  23 orc priests
  4 hounds
  A jelly (D:6)
  A bullfrog zombie (D:7)
  2 centaur skeletons
  2 gnoll shamans
  8 iguanas
  Ijyb (D:3)
  17 orc wizards
  A hound skeleton (D:4)
  A howler monkey skeleton (D:4)
  A howler monkey zombie (D:9)
  17 gnolls
  3 adders
  2 white imps
  5 adder skeletons
  3 worms
  84 orcs
  8 endoplasms
  3 giant cockroaches
  7 hobgoblins
  9 jackals
  7 ball pythons
  4 bats
  2 frilled lizards
  12 goblins
  21 kobolds
  4 rats
792 creatures vanquished.

Vanquished Creatures (collateral kills)
  A cane toad (Lair:2)
  A queen bee (Lair:2)
  3 blink frogs (Lair:2)
  An orc warrior (Orc:2)
  A bullfrog (Lair:2)
  7 killer bees (Lair:2)
  2 orc priests (Orc:2)
16 creatures vanquished.

Vanquished Creatures (others)
  Nessos (D:14)
  A faun (Shoals:1)
  An orc wizard (D:3)
  A kobold (D:7)
  38 fungi
  133 plants
175 creatures vanquished.

Grand Total: 983 creatures vanquished

Table legend:
 A = Non-vault XP
 B = Vault XP
 C = Vault XP percentage of total XP
 D = Non-vault monster count
 E = Vault monster count
 F = Vault count percentage of total count
                 A         B        C        D         E       F
            +---------+---------+-------+---------+---------+-------
      Total |  138347 |   95218 |  40.8 |     582 |     296 |  33.7
            +---------+---------+-------+---------+---------+-------
        D:1 |      16 |       6 |  27.3 |       9 |       3 |  25.0
        D:2 |      36 |       3 |   7.7 |      14 |       2 |  12.5
        D:3 |     164 |      60 |  26.8 |      28 |      12 |  30.0
        D:4 |     437 |      90 |  17.1 |      20 |       3 |  13.0
        D:5 |     577 |     215 |  27.1 |      22 |       5 |  18.5
        D:6 |     546 |       0 |   0.0 |      10 |       0 |   0.0
        D:7 |    1280 |    5188 |  80.2 |      30 |      27 |  47.4
        D:8 |    1204 |     698 |  36.7 |      26 |       5 |  16.1
        D:9 |     817 |       0 |   0.0 |      20 |       0 |   0.0
       D:10 |    1884 |       0 |   0.0 |       7 |       0 |   0.0
       D:11 |    3446 |       0 |   0.0 |      13 |       0 |   0.0
       D:12 |    5335 |    4863 |  47.7 |      23 |       6 |  20.7
       D:13 |    7049 |    9956 |  58.5 |      16 |      20 |  55.6
       D:14 |    9862 |   14738 |  59.9 |      24 |      35 |  59.3
       D:15 |    9640 |    3209 |  25.0 |      21 |       4 |  16.0
     Lair:1 |    2128 |       0 |   0.0 |      13 |       0 |   0.0
     Lair:2 |    7207 |    2061 |  22.2 |      20 |      21 |  51.2
     Lair:3 |    5889 |     348 |   5.6 |      20 |       2 |   9.1
     Lair:4 |    6762 |     649 |   8.8 |      28 |       1 |   3.4
     Lair:5 |    3703 |    7355 |  66.5 |      16 |      12 |  42.9
     Lair:6 |    4107 |   12819 |  75.7 |      10 |      25 |  71.4
   Shoals:1 |   16858 |       0 |   0.0 |      36 |       0 |   0.0
   Shoals:2 |   16324 |       0 |   0.0 |      35 |       0 |   0.0
   Shoals:3 |   25940 |       0 |   0.0 |      53 |       0 |   0.0
   Shoals:4 |     490 |     962 |  66.3 |       1 |       1 |  50.0
      Orc:1 |    2814 |       0 |   0.0 |      27 |       0 |   0.0
      Orc:2 |    3832 |   12708 |  76.8 |      40 |      67 |  62.6
      IceCv |       0 |   12599 | 100.0 |       0 |      33 | 100.0
    Volcano |       0 |    6691 | 100.0 |       0 |      12 | 100.0
            +---------+---------+-------+---------+---------+-------

Illustrated notes

Table legend:
 A = Kills in this place as a percentage of kills in entire the game.
 B = Kills by you in this place as a percentage of kills by you in the entire game.
 C = Kills by friends in this place as a percentage of kills by friends in the entire game.
 D = Other kills in this place as a percentage of other kills in the entire game.
 E = Experience gained in this place as a percentage of experience gained in the entire game.
 F = Experience gained in this place divided by the number of levels of this place that you have seen.
                   A       B       C       D       E      F
               +-------+-------+-------+-------+-------+----------------------
         Total | 100.0 | 100.0 | 100.0 | 100.0 | 100.0 | 7534.4
       Dungeon |  46.1 |  47.6 |   0.0 |  40.0 |  34.8 | 5421.3
          Lair |  19.1 |  19.1 |  81.2 |   5.7 |  22.7 | 8838.0
        Shoals |  14.4 |  13.5 |   0.0 |  27.1 |  25.9 | 15143.5
  Orcish Mines |  15.3 |  14.8 |  18.8 |  20.0 |   8.3 | 9677.0
      Ice Cave |   3.8 |   3.8 |   0.0 |   4.3 |   5.4 | 12599.0
       Volcano |   1.4 |   1.3 |   0.0 |   2.9 |   2.9 | 6691.0
               +-------+-------+-------+-------+-------+----------------------

Table legend: (Time is in decaauts)
 A = Elapsed time spent in this place.
 B = Non-inter-level travel time spent in this place.
 C = Inter-level travel time spent in this place.
 D = Time resting spent in this place.
 E = Time spent auto-exploring this place.
 F = Levels seen in this place.
 G = Mean time per level.
                   A        B        C        D        E       F      G
               +--------+--------+--------+--------+--------+-----+--------+
         Total |  37275 |  35627 |   1648 |   6479 |  21269 |  31 | 1202.4 |
       Dungeon |  17639 |  16653 |    986 |   2337 |  11163 |  15 | 1175.9 |
          Lair |  10179 |   9793 |    386 |   1867 |   5695 |   6 | 1696.5 |
        Shoals |   5468 |   5353 |    115 |   1398 |   2842 |   4 | 1367.0 |
  Orcish Mines |   2426 |   2267 |    159 |    154 |   1454 |   2 | 1213.0 |
         Abyss |    158 |    158 |      0 |      0 |      1 |   2 |   79.0 |
      Ice Cave |    214 |    214 |      0 |      0 |    104 |   1 |  214.0 |
       Volcano |   1187 |   1187 |      0 |    723 |     10 |   1 | 1187.0 |
               +--------+--------+--------+--------+--------+-----+--------+

Top non-repeatable levels by time:
     D:7: 2246 daAuts
  Lair:6: 2059 daAuts
    D:13: 2028 daAuts
Shoals:3: 1972 daAuts
   Orc:2: 1935 daAuts
Shoals:1: 1882 daAuts
  Lair:1: 1867 daAuts
  Lair:2: 1849 daAuts
  Lair:3: 1709 daAuts
Shoals:2: 1588 daAuts
  Lair:5: 1569 daAuts
    D:14: 1539 daAuts
    D:12: 1430 daAuts
     D:3: 1315 daAuts
     D:5: 1258 daAuts
